 Dungeon Crawl Stone Soup version 0.30.0-18-gc0e69614cb (webtiles) character file.

Game seed: 8948401088391625562

9270 olmar the Spear-Bearer (level 11, -1/129 HPs)
             Began as a Gnoll Reaver on May 25, 2023.
             Was a Believer of Cheibriados.
             Slain by a black mamba (7 damage)
             ... on level 1 of the Lair of Beasts.
             The game lasted 00:24:34 (11127 turns).

olmar the Spear-Bearer (Gnoll Reaver)              Turns: 11127, Time: 00:24:35

Health: -1/129     AC: 25    Str: 19    XL:     11   Next: 43%
Magic:  20/23      EV:  2    Int: 19    God:    Cheibriados [**....]
Gold:   84         SH:  0    Dex: 16    Spells: 9/26 levels left

rFire   . . .        C - +5 woodcutter's axe
rCold   . . .        (shield currently unavailable)
rNeg    . . .        J - melded +0 steam dragon scales
rPois   +            i - melded +2 helmet
rElec   .            s - melded scarf {+Inv}
rCorr   +            B - melded +0 pair of gloves
SInv    .            (boots currently unavailable)
Will    +....        (no amulet)
Stlth   +++          x - ring of resist corrosion
HPRegen 0.41/turn    m - ring of willpower
MPRegen 0.18/turn

%: no passive effects
@: tree-form, studying Ranged Weapons, very slow
A: stationary, stasis, torment immunity, boosted hp, (fangs 1), strong nose,
distributed training, (fire resistance 1)
a: Renounce Religion, Bend Time


You were on level 1 of the Lair of Beasts.
You worshipped Cheibriados.
Cheibriados was pleased with you.
You were a tree.
You visited 3 branches of the dungeon, and saw 10 of its levels.

You collected 576 gold pieces.
You spent 492 gold pieces at shops.

Inventory:

Hand Weapons
 a - a +0 spear
 c - a +0 sling
 d - a +5 dagger of venom
 C - the +5 woodcutter's axe (weapon)
   (You took it off a gnoll sergeant on level 6 of the Dungeon)
Missiles
 f - 8 boomerangs
 g - 32 poisoned darts
Armour
 b - a +0 leather armour
 i - a +2 helmet (melded)
 j - a +0 cloak
 s - a scarf of invisibility (melded)
 B - a +0 pair of gloves (melded)
 J - +0 steam dragon scales (melded)
 M - the +4 skin of Zhor {*Englaciate rC+++ SInv}
   (You found it on level 7 of the Dungeon)

   *Englaciate: It radiates cold, occasionally slowing all nearby creatures who
   are not resistant to cold.
   rC:        It renders you almost immune to cold.
   SInv:      It lets you see invisible.
 Q - a +0 cloak
Magical Staves
 e - the staff of death "Egeserei" {rC+ rN+}
   (You found it on level 5 of the Dungeon)

   [staff of death]

   Base accuracy: +5 Base damage: 5 Base attack delay: 1.2 This weapon's minimum
   attack delay (0.6) is reached at skill level 12.
   rC:        It protects you from cold.
   rN:        It protects you from negative energy.
   It falls into the 'Staves' category.
   It is a one-handed weapon.
Jewellery
 m - a ring of willpower (right branch)
 x - a ring of resist corrosion (left branch)
Wands
 n - a wand of mindburst (13)
 G - a wand of acid (9)
 L - a wand of flame (23)
Scrolls
 l - a scroll of blinking {unknown}
 o - a scroll of noise {unknown}
 p - 4 scrolls of magic mapping
 q - a scroll of brand weapon {unknown}
 u - 2 scrolls of vulnerability
 y - a scroll of amnesia
 A - 4 scrolls of poison
 H - 2 scrolls of torment {unknown}
 I - a scroll of enchant armour {unknown}
 K - a scroll of teleportation
 N - a scroll of fog {unknown}
 P - a scroll of silence
 R - a scroll of enchant weapon
 S - 2 scrolls of identify
Potions
 h - 3 potions of mutation
 k - 2 potions of brilliance
 r - a potion of attraction
 t - a potion of magic
 v - a potion of degeneration {unknown}
 D - 2 potions of berserk rage
 E - a potion of flight
 F - 4 potions of might
 O - 2 potions of cancellation
 T - a potion of invisibility {unknown}


   Skills:
 + Level 8.0 Fighting
 + Level 6.5 Short Blades
 + Level 6.5 Long Blades
 + Level 6.5 Axes
 + Level 6.5 Maces & Flails
 + Level 9.3 Polearms
 + Level 6.5 Staves
 + Level 8.8 Ranged Weapons
 + Level 6.5 Throwing
 + Level 6.5 Armour
 + Level 8.0 Dodging
 + Level 6.5 Stealth
 + Level 6.5 Shields
 + Level 6.5 Unarmed Combat
 + Level 8.3 Spellcasting
 + Level 7.8 Conjurations
 + Level 5.4 Hexes
 + Level 5.4 Summonings
 + Level 5.4 Necromancy
 + Level 5.4 Translocations
 + Level 5.4 Transmutations
 + Level 5.4 Fire Magic
 + Level 5.4 Ice Magic
 + Level 5.4 Air Magic
 + Level 5.4 Earth Magic
 + Level 5.4 Poison Magic
 + Level 7.1 Invocations
 + Level 6.5 Evocations


You had 9 spell levels left.
You knew the following spells:

 Your Spells              Type           Power      Damage    Failure   Level
a - Kiss of Death         Conj/Necr      100%       2d13      1%          1
b - Momentum Strike       Conj/Tloc      66%        3d9       1%          2
c - Vhi's Electric Charg  Tloc/Air       56%        N/A       2%          3
d - Mephitic Cloud        Conj/Pois/Air  31%        N/A       1%          3
e - Call Imp              Summ           56%        N/A       1%          2
f - Ignite Poison         Fire/Tmut/Pois 28%        N/A       2%          3
g - Stone Arrow           Conj/Erth      66%        3d11      1%          3

Your spell library contained the following spells:

 Spells                   Type           Power      Damage    Failure   Level
 Apportation              Tloc           56%        N/A       1%          1
 Magic Dart               Conj           100%       1d8       1%          1
 Necrotise                Necr           100%       1d9       1%          1
 Summon Small Mammal      Summ           100%       N/A       1%          1
 Hailstorm                Conj/Ice       33%        3d8       1%          3
 Sticky Flame             Conj/Fire      33%        2d5       6%          4
 Anguish                  Hex/Necr       14%        N/A       10%         4
 Animate Armour           Summ/Erth      56%        N/A       10%         4
 Cause Fear               Hex            14%        N/A       10%         4
 Iskenderun's Battlesphe  Conj           37%        2d9       10%         5
 Arcjolt                  Conj/Air       16%        1d26      16%         5
 Fireball                 Conj/Fire      16%        3d8       16%         5
 Alistair's Intoxication  Tmut/Pois      18%        N/A       26%         5
 Conjure Ball Lightning   Conj/Air       16%        3x3d6     65%         6
 Orb of Destruction       Conj           18%        9d8       97%         7
 Enfeeble                 Hex            14%        N/A       100%        7
 Ignition                 Fire           14%        3d6       100%        8
 Lehudib's Crystal Spear  Conj/Erth      16%        10d5      100%        8
 Maxwell's Capacitive Co  Air            14%        ∞         100%        8


Dungeon Overview and Level Annotations

Branches:
Dungeon (8/15)             Temple (1/1) D:6            Lair (1/5) D:8

Altars:
Ashenzari
Cheibriados
Dithmenos
Elyvilon
Fedhas
Hepliaklqana
Kikubaaqudgha
Makhleb
Okawaru
Qazlal
Ru
Sif Muna
Trog
Uskayaw
Vehumet
Wu Jian
Xom
Yredelemnul
Zin
The Shining One

Shops:
D:2 *   D:8 *!:=((!=*

Annotations:
D:6 2 transporters, BlasphemerAmon's ghost, novice DgFi
D:7 1 runed translucent door, nhankinson's ghost, weakling HOBe


Innate Abilities, Weirdness & Mutations

You are a tree.
Your roots penetrate the ground, keeping you stationary.
You cannot be teleported.
You are immune to unholy pain and torment.
Your maximum health is greatly increased.
Your equipment is partially melded.
((You have very sharp teeth.))
Your uncanny sense of smell can sniff out nearby items.
Your experience applies equally to all skills.
((Your flesh is heat resistant. (rF+)))


Message History

The komodo dragon bites you!
* * * LOW HITPOINT WARNING * * *
Your cerulean imp hits the komodo dragon from afar with a -2 spear.
Really quaff the potion of lignification?
You turn into a tree.
Your scarf of invisibility melds into your body.
Your +2 helmet melds into your body.
Your +0 pair of gloves melds into your body.
Your +0 steam dragon scales melds into your body.
Your roots penetrate the ground.
The black mamba bites you.
* * * LOW HITPOINT WARNING * * *
The black mamba bites you!
* * * LOW HITPOINT WARNING * * *
The komodo dragon bites you but does no damage.
Your cerulean imp hits the komodo dragon from afar with a -2 spear.
Unknown command.
You slash the black mamba!
The black mamba is heavily wounded.
You slash the komodo dragon!
The black mamba bites you but does no damage.
The komodo dragon bites you!
* * * LOW HITPOINT WARNING * * *
The black mamba bites you.
* * * LOW HITPOINT WARNING * * *
Your cerulean imp hits the komodo dragon but does no damage.
You feel better.
The black mamba bites you but does no damage. x2
Your cerulean imp hits the komodo dragon with a -2 spear.
You feel better. The black mamba bites you!
* * * LOW HITPOINT WARNING * * *
Your cerulean imp closely misses the komodo dragon.
Unknown command.
Aiming: Corrosive Bolt
Press: ? - help, Shift-Dir - straight line, f - komodo dragon
Aim: a komodo dragon (moderately wounded, ally target, 81% to hit)
The bolt of acid hits the komodo dragon!
The komodo dragon is severely wounded.
The black mamba bites you but does no damage.
The black mamba bites you!
You die...

...........#
?...........#
............#
#..........#
##..........#
............#
............#
.......S....#
...../.♣l...#
.........5..#
............#
......#.#...##
.....#####..P#
............P#
............##
.............#
............#


You could see a komodo dragon (ally target), a black mamba and a friendly
cerulean imp (summoned).

Vanquished Creatures
  Joseph (D:7)
  A cane toad (Lair:1)
  A gargoyle (D:6)
  3 rime drakes
  Grinder (D:3)
  Sigmund (D:2)
  2 wyverns (D:8)
  2 basilisks (D:8)
  10 yaks (D:8)
  2 steam dragons
  4 water moccasins (D:8)
  2 orc warriors
  2 sky beasts
  3 ogres
  3 ice beasts
  3 wolves (Lair:1)
  A centaur (D:7)
  Blork the orc (D:5)
  6 gnoll sergeants (D:6)
  2 kobold brigands (D:6)
  6 scorpions
  2 bullfrogs
  7 wights
  An electric eel (D:8)
  2 howler monkeys
  4 jellies
  6 gnoll boudas (D:6)
  2 orc priests
  Crazy Yiuf (D:7)
  6 hounds
  5 iguanas
  Jessica (D:2)
  3 sleepcaps
  5 orc wizards
  8 gnolls
  5 adders
  A white imp (D:8)
  2 ufetubi
  A worm (D:2)
  4 dart slugs
  15 orcs
  4 ball pythons
  An endoplasm (D:3)
  3 giant cockroaches
  5 goblins
  11 hobgoblins
  4 jackals (D:1)
  13 kobolds
  3 quokkas
  3 bats
  5 frilled lizards
  7 rats
197 creatures vanquished.

Vanquished Creatures (collateral kills)
  Menkaure (D:6)
  A gnoll (D:6)
  3 kobolds (D:6)
5 creatures vanquished.

Vanquished Creatures (others)
  A catoblepas (Lair:1)
1 creature vanquished.

Grand Total: 203 creatures vanquished

Notes
Turn   | Place    | Note
-------+----------+-------------------------------------------
     0 | D:1      | olmar the Gnoll Reaver began the quest for the Orb.
     0 | D:1      | Reached XP level 1. HP: 20/20 MP: 6/6
   157 | D:1      | Reached XP level 2. HP: 23/26 MP: 7/7
   901 | D:2      | Reached skill level 5 in Spellcasting
   901 | D:2      | Reached XP level 3. HP: 31/31 MP: 7/9
   903 | D:2      | Noticed Jessica
   917 | D:2      | Killed Jessica
   918 | D:2      | Reached skill level 1 in Short Blades
   918 | D:2      | Reached skill level 1 in Long Blades
   918 | D:2      | Reached skill level 1 in Axes
   918 | D:2      | Reached skill level 1 in Maces & Flails
   918 | D:2      | Reached skill level 1 in Staves
   918 | D:2      | Reached skill level 1 in Ranged Weapons
   918 | D:2      | Reached skill level 1 in Throwing
   918 | D:2      | Reached skill level 1 in Armour
   918 | D:2      | Reached skill level 1 in Stealth
   918 | D:2      | Reached skill level 1 in Shields
   918 | D:2      | Reached skill level 1 in Unarmed Combat
   918 | D:2      | Reached skill level 1 in Invocations
   918 | D:2      | Reached skill level 1 in Evocations
  1014 | D:2      | Learned a level 2 spell: Momentum Strike
  1086 | D:2      | Noticed Sigmund
  1098 | D:2      | Killed Sigmund
  1099 | D:2      | Reached skill level 1 in Hexes
  1099 | D:2      | Reached skill level 1 in Summonings
  1099 | D:2      | Reached skill level 1 in Necromancy
  1099 | D:2      | Reached skill level 1 in Translocations
  1099 | D:2      | Reached skill level 1 in Transmutations
  1099 | D:2      | Reached skill level 1 in Fire Magic
  1099 | D:2      | Reached skill level 1 in Ice Magic
  1099 | D:2      | Reached skill level 1 in Air Magic
  1099 | D:2      | Reached skill level 1 in Earth Magic
  1099 | D:2      | Reached skill level 1 in Poison Magic
  1099 | D:2      | Reached XP level 4. HP: 23/38 MP: 11/11
  1099 | D:2      | Reached XP level 5. HP: 26/43 MP: 12/12
  1102 | D:2      | Reached XP level 6. HP: 26/50 MP: 13/13
  1563 | D:2      | Found Ydwimiug's General Store.
  1740 | D:3      | Noticed Grinder
  1752 | D:3      | Paralysed by Grinder for 5 turns
  1758 | D:3      | Gained mutation: Your flesh is heat resistant. (rF+)
                  | [potion of mutation]
  1787 | D:3      | Killed Grinder
  1788 | D:3      | Reached skill level 5 in Fighting
  1788 | D:3      | Reached skill level 7 in Polearms
  1788 | D:3      | Reached skill level 5 in Dodging
  1788 | D:3      | Reached XP level 7. HP: 13/56 MP: 10/15
  2235 | D:3      | Learned a level 3 spell: Vhi's Electric Charge
  2402 | D:3      | Found a glowing golden altar of the Shining One.
  2402 | D:3      | Found a sacrificial altar of Ru.
  2830 | D:4      | Learned a level 3 spell: Mephitic Cloud
  2833 | D:4      | Learned a level 2 spell: Call Imp
  2949 | D:4      | Found a shimmering blue altar of Sif Muna.
  3467 | D:4      | Reached XP level 8. HP: 25/63 MP: 12/16
  3693 | D:5      | Entered Level 5 of the Dungeon
  4072 | D:5      | Found a shimmering altar of Xom.
  4140 | D:5      | Noticed Blork the orc
  4152 | D:5      | Killed Blork the orc
  4472 | D:5      | Identified the staff of death "Egeserei" {rC+ rN+}
  4549 | D:5      | Found a hazy altar of Hepliaklqana.
  4550 | D:5      | Found a shadowy altar of Dithmenos.
  4550 | D:5      | Noticed a shadow
  5163 | D:6      | Reached XP level 9. HP: 66/69 MP: 13/18
  5334 | D:6      | Noticed a gargoyle
  5347 | D:6      | Found a transporter.
  5347 | D:6      | Found a transporter.
  5347 | D:6      | Noticed BlasphemerAmon's ghost (novice DgFi)
  5543 | D:6      | Killed a gargoyle
  5544 | D:6      | Reached skill level 5 in Ranged Weapons
  6134 | D:2      | Bought a potion of berserk rage for 70 gold pieces
  6134 | D:2      | Bought a scroll of identify for 28 gold pieces
  6134 | D:2      | Bought a potion of flight for 42 gold pieces
  6134 | D:2      | Bought 2 potions of might for 112 gold pieces
  6296 | D:6      | Reached skill level 8 in Polearms
  6414 | D:6      | Reached skill level 5 in Invocations
  6768 | D:6      | Learned a level 3 spell: Ignite Poison
  6840 | D:6      | Found a staircase to the Ecumenical Temple.
  6857 | Temple   | Entered the Ecumenical Temple
  6888 | Temple   | Became a worshipper of Cheibriados the Contemplative
  7014 | D:6      | Noticed Menkaure
  7027 | D:6      | Killed Menkaure
  7314 | D:6      | Reached skill level 5 in Short Blades
  7314 | D:6      | Reached skill level 5 in Long Blades
  7314 | D:6      | Reached skill level 5 in Axes
  7314 | D:6      | Reached skill level 5 in Maces & Flails
  7314 | D:6      | Reached skill level 5 in Staves
  7314 | D:6      | Reached skill level 5 in Throwing
  7314 | D:6      | Reached skill level 5 in Armour
  7314 | D:6      | Reached skill level 5 in Stealth
  7314 | D:6      | Reached skill level 5 in Shields
  7314 | D:6      | Reached skill level 5 in Unarmed Combat
  7314 | D:6      | Reached skill level 5 in Evocations
  7314 | D:6      | Reached XP level 10. HP: 51/77 MP: 8/20
  7497 | D:7      | Noticed Joseph
  7803 | D:7      | Found a runed translucent door.
  7803 | D:7      | Noticed nhankinson's ghost (weakling HOBe)
  7851 | D:7      | Found the +4 skin of Zhor {*Englaciate rC+++ SInv}
  7925 | D:7      | Reached * piety under Cheibriados
  8460 | D:7      | Found a blossoming altar of Fedhas.
  8561 | D:7      | Killed Joseph
  8697 | D:7      | Found a runed translucent door.
  8698 | D:7      | Noticed Crazy Yiuf
  9064 | D:7      | Killed Crazy Yiuf
  9276 | D:8      | Found Kaveisur's Distillery.
  9456 | D:8      | Found Iroerest's Weapon Emporium.
  9466 | D:8      | Found Ceirif's Antique Weapon Shop.
  9469 | D:8      | Found Vid Lyenn's Book Boutique.
  9470 | D:8      | Found Dupn's Jewellery Emporium.
  9472 | D:8      | Found Hetzaq's General Store.
  9472 | D:8      | Found Ajapriu's Distillery.
  9485 | D:8      | Bought 3 scrolls of poison for 180 gold pieces
  9485 | D:8      | Bought a scroll of vulnerability for 60 gold pieces
  9602 | D:8      | Found a staircase to the Lair.
  9620 | D:8      | Reached ** piety under Cheibriados
  9621 | D:8      | Reached skill level 9 in Polearms
  9639 | D:8      | Reached skill level 5 in Hexes
  9639 | D:8      | Reached skill level 5 in Summonings
  9639 | D:8      | Reached skill level 5 in Necromancy
  9639 | D:8      | Reached skill level 5 in Translocations
  9639 | D:8      | Reached skill level 5 in Transmutations
  9639 | D:8      | Reached skill level 5 in Fire Magic
  9639 | D:8      | Reached skill level 5 in Ice Magic
  9639 | D:8      | Reached skill level 5 in Air Magic
  9639 | D:8      | Reached skill level 5 in Earth Magic
  9639 | D:8      | Reached skill level 5 in Poison Magic
  9640 | D:8      | Reached XP level 11. HP: 20/85 MP: 5/22
  9903 | D:8      | Found an iron altar of Okawaru.
 10125 | D:8      | Found Girecatzu's General Store.
 10343 | D:8      | Found Boohonn's Jewellery Shop.
 10526 | D:8      | Learned a level 3 spell: Stone Arrow
 10834 | Lair:1   | Entered Level 1 of the Lair of Beasts
 10838 | Lair:1   | Noticed a catoblepas
 10851 | Lair:1   | Killed a catoblepas
 11124 | Lair:1   | HP: 6/129 [black mamba (5)]
 11127 | Lair:1   | Slain by a black mamba

Illustrated notes

Levels and vault maps discovered:
D:1:      lemuel_arrival_river_ford, layout_basic, serial_curves,
          eino_curves_03, eino_curves_04
D:2:      layout_rooms, serial_shops, nicolae_shop_rolling_square, uniq_jessica,
          uniq_sigmund
D:3:      layout_rooms, minitemple, uniq_grinder
D:4:      layout_cave_pools, mainiacjoe_overflow_six_doors_small,
          minmay_checkerbox
D:5:      layout_loops_ring, riverfiend_overflow_shadow_ancestor,
          lemuel_coloured_pillars_altar, uniq_blork_the_orc
D:6:      kennysheep_housing_project, layout_basic, minmay_temple_entry_hall,
          gammafunk_ghost_smash, pf_guarded_unrand_woodcutter, uniq_menkaure
D:7:      layout_loops_cross, lemuel_round_altar, gammafunk_ghost_grave,
          hellmonk_guarded_unrand_zhor, uniq_crazy_yiuf_cottage, uniq_joseph
D:8:      layout_cave_pools, mainiacjoe_overflow_24_doors,
          minmay_lair_entry_grove, serial_shops, shop, shop, shop, shop,
          serial_co_window_serial, co_window_corner_a,
          co_window_of_opportunity_a, co_window_paths_a, co_window_corner_a,
          co_window_corner_a, co_window_of_opportunity_a,
          co_window_of_opportunity_b, co_window_paths_c, co_window_broadway_a,
          co_window_unsneaky_path_c, co_window_4corner_b,
          nicolae_wooded_promenade
Temple:   hellmonk_temple_two_chambers
Lair:1:   layout_small_grid, uniq_urug

Skill      XL: |  1  2  3  4  5  6  7  8  9 10 11 |
---------------+----------------------------------+-----
Spellcasting   | 5 6 7 8 |  8.3
Short Blades   | 1 2 3 5 6 |  6.5
Long Blades    | 1 2 3 5 6 |  6.5
Axes           | 1 2 3 5 6 |  6.5
Maces & Flails | 1 2 3 5 6 |  6.5
Staves         | 1 2 3 5 6 |  6.5
Ranged Weapons | 1 2 3 4 6 8 |  8.8
Throwing       | 1 2 3 5 6 |  6.5
Armour         | 1 2 3 5 6 |  6.5
Stealth        | 1 2 3 5 6 |  6.5
Shields        | 1 2 3 5 6 |  6.5
Unarmed Combat | 1 2 3 5 6 |  6.5
Invocations    | 2 3 4 5 6 7 |  7.1
Evocations     | 1 2 3 5 6 |  6.5
Hexes          | 1 2 3 4 5 |  5.4
Summonings     | 1 2 3 4 5 |  5.4
Necromancy     | 1 2 3 4 5 |  5.4
Translocations | 1 2 3 4 5 |  5.4
Transmutations | 1 2 3 4 5 |  5.4
Fire Magic     | 1 2 3 4 5 |  5.4
Ice Magic      | 1 2 3 4 5 |  5.4
Air Magic      | 1 2 3 4 5 |  5.4
Earth Magic    | 1 2 3 4 5 |  5.4
Poison Magic   | 1 2 3 4 5 |  5.4
Fighting       | 5 6 7 8 |  8.0
Polearms       | 7 8 9 |  9.3
Dodging        | 5 6 7 8 |  8.0
Conjurations   | 6 7 |  7.8

Action                     |  1- 3 |  4- 6 |  7- 9 | 10-12 || total
---------------------------+-------+-------+-------+-------++-------
  Melee: Spear             |    67 |       |       |       ||    67
         Bite              |     3 |     3 |    36 |    18 ||    60
         Punch             |     1 |       |     5 |       ||     6
         Dagger            |    18 |    32 |   170 |       ||   220
         Battleaxe         |       |       |   108 |   195 ||   303
   Fire: Sling             |    33 |     1 |     3 |       ||    37
   Cast: Momentum Strike   |     1 |     2 |    27 |     8 ||    38
         Kiss of Death     |     1 |       |       |       ||     1
         Call Imp          |       |       |    24 |    16 ||    40
         Mephitic Cloud    |       |       |    10 |     8 ||    18
         Vhi's Electric Ch |       |       |     9 |     2 ||    11
         Ignite Poison     |       |       |     1 |     4 ||     5
         Stone Arrow       |       |       |       |     3 ||     3
  Evoke: Wand              |       |       |       |     4 ||     4
    Use: Potion            |     3 |     1 |     4 |     4 ||    12
         Scroll            |     1 |     1 |     7 |     2 ||    11
   Stab: Sleeping          |       |     1 |     5 |       ||     6
         Confused          |       |       |     5 |     5 ||    10
         Distracted        |       |       |     2 |     1 ||     3
 Armour: Leather armour    |     9 |     3 |    62 |    10 ||    84
         Skin              |     3 |     9 |       |     5 ||    17
         Steam dragon scal |       |       |       |    36 ||    36
         Animal skin       |       |       |       |     3 ||     3
  Dodge: Dodged            |    40 |    13 |   151 |   143 ||   347
